 Dungeon Crawl Stone Soup version 0.31-a0-983-g7b6862f502 (webtiles) character file.

Game seed: 6582395663611458624

170 Xavori the Trooper (level 5, -5/36 HPs)
             Began as a Djinni Chaos Knight on Nov 2, 2023.
             Was a Plaything of Xom.
             Slain by an ogre
             ... wielding a +0 giant club
             ... summoned by Xom
              (9 damage)
             ... on level 4 of the Dungeon.
             The game lasted 00:02:13 (10649 turns).

Xavori the Trooper (Djinni Chaos Knight)           Turns: 10649, Time: 00:02:13

Health: -5/36      AC:  7    Str: 11    XL:     5   Next: 80%
Gold:   127        EV: 12    Int: 13    God:    Xom [..*...] SH:  5 Dex: 15

rFire   + + .        a - +0 falchion (chaos)
rCold   x . .        m - +1 buckler
rNeg    . . .        b - +2 leather armour
rPois   ∞            (helmet restricted)
rElec   .            (no cloak)
rCorr   +            (no gloves)
SInv    +            (boots unavailable)
Will    .....        (no amulet)
Stlth   +            p - ring of resist corrosion
HPRegen 0.26/turn    f - ring of see invisible
MPRegen 0.00/turn

%: infuse magic (-6 HP)
@: flying
A: sickness immunity, fire resistance 2, cold vulnerability 1, float, innate
caster, HP casting, extra vitality 1, horns 1, iridescent scales 1, frail 1
a: Renounce Religion


You were on level 4 of the Dungeon.
You worshipped Xom.
You were a toy of Xom.
You visited 1 branch of the dungeon, and saw 4 of its levels.

You collected 127 gold pieces.

Inventory:

Hand Weapons
 a - a +0 falchion of chaos (weapon)
Armour
 b - a +2 leather armour (worn)
 m - a +1 buckler (worn)
Jewellery
 f - a ring of see invisible (right hand)
 i - a +6 ring of intelligence
 p - a ring of resist corrosion (left hand)
Wands
 q - a wand of mindburst (9)
Scrolls
 c - a scroll of butterflies
 h - a scroll of immolation
 j - 2 scrolls of identify
 n - a scroll of fog {unknown}
 o - a scroll of enchant armour
 s - a scroll of amnesia
Potions
 d - 2 potions of haste {unknown}
 e - 2 potions of curing {unknown}
 g - a potion of lignification {unknown}
 k - a potion of attraction {unknown}
 l - a potion of mutation {unknown}
 r - a potion of enlightenment {unknown}


   Skills:
 + Level 3.6 Fighting
 + Level 3.3 Long Blades
 + Level 2.2 Armour
 + Level 3.1 Dodging
 + Level 0.4 Shields
 * Level 1.6 Spellcasting
 * Level 1.6 Conjurations
 * Level 1.6 Hexes
   Level 0.0 Charms
 * Level 1.6 Summonings
 * Level 1.6 Necromancy
 * Level 1.6 Translocations
 * Level 1.6 Transmutations
 * Level 1.6 Fire Magic
 * Level 1.6 Ice Magic
 * Level 1.6 Air Magic
 * Level 1.6 Earth Magic
 * Level 1.6 Poison Magic


You knew the following spells:

 Your Spells              Type           Power      Damage    Failure   Level
a - Shock                 Conj/Air       20%        1d4       26%         1
b - Scorch                Fire           10%        2d5       36%         2
Your spell library was empty.

Dungeon Overview and Level Annotations

Branches:
Dungeon (4/15)
 Temple: D:4-7

Altars:
Cheibriados


Innate Abilities, Weirdness & Mutations

You are immune to sickness and miasma.
You are immune to poison.
Your flesh is very heat resistant. (rF++)
You are vulnerable to cold. (rC-)
You float through the air rather than walking.
You learn spells naturally, not from books.
Your magical power is your life essence.
You have superior vitality. (+4 MHP)
You have a pair of small horns on your head.
You are partially covered in iridescent scales. (AC +2)
You are frail. (-10% HP)


Message History

The kobold throws a stone.
The stone hits you but does no damage.
You barely miss the scorpion.
The scorpion is severely wounded.
The scorpion stings you. x2; You block the hobgoblin's attack.
You block the ogre's attack.
The kobold throws a stone.
The stone hits you but does no damage.
Unknown command.
Unknown command.
You hit the scorpion. You drain the scorpion.
You headbutt the scorpion, but do no damage.
The scorpion is almost dead.
The scorpion stings you. The scorpion closely misses you.
You block the hobgoblin's attack.
The kobold throws a stone.
The stone hits you but does no damage. The ogre hits you with a +0 giant club!
The scorpion closely misses you.
You are too injured to fight recklessly!
Found a runed coral ring.
The scorpion attacks as it pursues you! The scorpion stings you.
* * * LOW HITPOINT WARNING * * *
The scorpion stings you.
* * * LOW HITPOINT WARNING * * *
The scorpion completely misses you. The scorpion barely misses you.
The stone staircase leading up slides away as you move over it!
The hobgoblin attacks as it pursues you!
The hobgoblin barely misses you. The scorpion closely misses you.
You can't go up here!
You closely miss the scorpion.
The scorpion is almost dead.
You block the scorpion's attack. The hobgoblin barely misses you.
The scorpion stings you.
* * * LOW HITPOINT WARNING * * *
The hobgoblin misses you.
Unknown command.
You hit the scorpion.
You kill the scorpion!
The kobold hits you but does no damage. The hobgoblin barely misses you.
The ogre hits you with a +0 giant club!
You die...
Xom roars with laughter!

#........# =
#........#..
#...........
##.......#
#.(....####
#.=.......#
#........l#
###.....Og#
#######.....K@#
..............#
..............#
..............##
######.......>.#
#.........#
#...........#
##........#.#
#........#.#


You could see an ogre (summoned), an iguana, a hobgoblin and a kobold
(summoned).

Vanquished Creatures
  A scorpion (D:4)
  Natasha (twice) (D:2)
  Terence (D:3)
  5 adders
  A worm (D:2)
  4 dart slugs
  4 orcs (D:3)
  An endoplasm (D:1)
  A giant cockroach (D:1)
  2 goblins
  6 hobgoblins
  6 ball pythons
  2 bats (D:1)
  5 frilled lizards
  4 kobolds
  3 rats
48 creatures vanquished.

Notes
Turn   | Place    | Note
-------+----------+-------------------------------------------
     0 | D:1      | Xavori the Djinni Chaos Knight began the quest for the Orb.
     0 | D:1      | Reached XP level 1. HP: 20/20 MP: 0/0
   131 | D:1      | Reached XP level 2. HP: 24/25 MP: 0/0
   134 | D:1      | XOM: divination: magic mapping
   420 | D:1      | XOM: smoke on damage
   454 | D:1      | Reached XP level 3. HP: 26/30 MP: 0/0
   454 | D:1      | Learned a level 1 spell: Shock
   738 | D:1      | XOM: silly message
  1233 | D:1      | XOM: divination: detect items
  2274 | D:1      | XOM: scenery: 3 doors open, 2 doors close
  2461 | D:1      | XOM: summons 2 hostile demons
  3564 | D:1      | XOM: give mutations
  3564 | D:1      | Gained mutation: You are frail. (-10% HP) [Xom's mischief]
  3564 | D:1      | Gained mutation: You have a pair of small horns on your
                  | head. [Xom's mischief]
  3564 | D:1      | Gained mutation: You are partially covered in iridescent
                  | scales. (AC +2) [Xom's mischief]
  3830 | D:1      | XOM is BORED!
  4714 | D:1      | XOM: silly message
  4809 | D:1      | XOM: silly message
  4843 | D:1      | XOM: divination: detect items
  5068 | D:1      | XOM: silly message
  6028 | D:1      | XOM: god gift: staff of poison
  7093 | D:1      | XOM: silly message
  7721 | D:1      | XOM: cloud trail
  7869 | D:1      | XOM: divination: detect items
  8781 | D:2      | XOM: 1-stop teleportation journey
  8863 | D:2      | Noticed Natasha
  8871 | D:2      | Killed Natasha
  8872 | D:2      | Reached skill level 1 in Spellcasting
  8872 | D:2      | Reached skill level 1 in Conjurations
  8872 | D:2      | Reached skill level 1 in Hexes
  8872 | D:2      | Reached skill level 1 in Summonings
  8872 | D:2      | Reached skill level 1 in Necromancy
  8872 | D:2      | Reached skill level 1 in Translocations
  8872 | D:2      | Reached skill level 1 in Transmutations
  8872 | D:2      | Reached skill level 1 in Fire Magic
  8872 | D:2      | Reached skill level 1 in Ice Magic
  8872 | D:2      | Reached skill level 1 in Air Magic
  8872 | D:2      | Reached skill level 1 in Earth Magic
  8872 | D:2      | Reached skill level 1 in Poison Magic
  8872 | D:2      | Reached XP level 4. HP: 21/31 MP: 0/0
  9045 | D:2      | Found a faded altar of an unknown god.
  9097 | D:2      | Noticed Natasha
  9103 | D:2      | Killed Natasha
  9124 | D:2      | Reached XP level 5. HP: 36/36 MP: 0/0
  9124 | D:2      | Learned a level 2 spell: Scorch
  9562 | D:2      | XOM: stat loss: -1 Str (10/11)
  9581 | D:2      | XOM: noise
  9629 | D:2      | XOM: torment (19/36 hp)
  9893 | D:3      | Found a snail-covered altar of Cheibriados.
 10010 | D:3      | Noticed Terence
 10019 | D:3      | Killed Terence
 10265 | D:3      | XOM: summons 3 hostile demons
 10266 | D:3      | Noticed an orange demon
 10272 | D:3      | HP: 1/36 [shadow imp/nerve-wracking pain[Xom] (8)]
 10413 | D:2      | XOM: silly message
 10634 | D:4      | XOM: repel stairs
 10639 | D:4      | XOM: summons 2 hostile shadow creatures
 10640 | D:4      | Noticed an ogre
 10649 | D:4      | Slain by an ogre

Illustrated notes

Levels and vault maps discovered:
D:1:      dpeg_arrival_castle, layout_basic
D:2:      layout_loops_ring, dilly_ecumenical_altar_fadedgnrine, uniq_natasha
D:3:      layout_basic, chei_slow_surprise, uniq_terence
D:4:      layout_basic, minmay_temple_entry_waves

Skill      XL: |  1  2  3  4  5 |
---------------+----------------+-----
Long Blades    | 3 |  3.3
Spellcasting   | 1 |  1.6
Conjurations   | 1 |  1.6
Hexes          | 1 |  1.6
Summonings     | 1 |  1.6
Necromancy     | 1 |  1.6
Translocations | 1 |  1.6
Transmutations | 1 |  1.6
Fire Magic     | 1 |  1.6
Ice Magic      | 1 |  1.6
Air Magic      | 1 |  1.6
Earth Magic    | 1 |  1.6
Poison Magic   | 1 |  1.6
Armour         | 2 |  2.2
Dodging        | 3 |  3.1
Fighting       | |  3.6
Shields        | |  0.4

Action                     |  1- 3 |  4- 6 || total
---------------------------+-------+-------++-------
  Melee: Falchion          |    64 |    81 ||   145
         Headbutt          |     1 |    18 ||    19
    Use: Scroll            |       |     5 ||     5
 Armour: Leather armour    |    45 |    53 ||    98
  Dodge: Dodged            |    33 |    62 ||    95
  Block: Buckler           |       |    16 ||    16

Table legend: (Time is in decaauts)
 A = Elapsed time spent in this place.
 B = Non-inter-level travel time spent in this place.
 C = Inter-level travel time spent in this place.
 D = Time resting spent in this place.
 E = Time spent auto-exploring this place.
 F = Levels seen in this place.
 G = Mean time per level.
                   A        B        C        D        E       F      G
               +--------+--------+--------+--------+--------+-----+--------+
         Total |  10683 |  10539 |    144 |   7953 |   2171 |   4 | 2670.8 |
       Dungeon |  10683 |  10539 |    144 |   7953 |   2171 |   4 | 2670.8 |
               +--------+--------+--------+--------+--------+-----+--------+

Top non-repeatable levels by time:
     D:1: 8542 daAuts
     D:2: 1348 daAuts
     D:3: 755 daAuts
     D:4: 37 daAuts
